Map: Эфемерон РВ

Players

GreatTeacher

  • Race: Terran Terran
  • League: Master
  • Spawn Location: 5:00

llllllllllll - Winner!

  • Race: Protoss Protoss
  • League: Master
  • Spawn Location: 11:00

VOD

Have the link to the VOD?

Description

Time

  • Played on: Nov. 6, 2019, 9:54 a.m.
  • Length: 7:49
Show
View Real Time Build Order
Export as new Build Order

GreatTeacher Terran 

Build Orders: Reaper Expand 

Get SALT Encoding   

  12  0:00  SCV  
  13  0:13  SCV  
  14  0:17  Supply Depot  
  14  0:25  SCV  
  15  0:39  SCV  
  15  0:40  Barracks  
  16  0:44  Refinery  
  16  0:51  SCV  
  17  1:03  SCV  
  18  1:15  SCV  
  19  1:28  Reaper, Orbital Command  
  20  1:44  Command Center  
  20  1:55  Supply Depot  
  20  1:56  SCV  
  21  2:03  Bunker  
  21  2:05  Marine  
  22  2:09  SCV  
  23  2:19  Factory  
  23  2:21  SCV  
  24  2:24  Barracks Reactor  
  25  2:37  SCV  
  25  2:38  Refinery  
  25  2:54  SCV  
  25  2:55  Orbital Command  
  26  3:06  SCV  
  26  3:10  Marine  
  26  3:11  Marine  
  26  3:12  Widow Mine  
  31  3:13  Starport  
  31  3:16  Supply Depot  
  31  3:18  SCV  
  31  3:25  SCV  
  32  3:28  Marine x2  
  32  3:29  Bunker  
  33  3:36  Widow Mine  
  33  3:38  SCV  
  33  3:39  SCV  
  37  3:47  Barracks x2, Marine  
  37  3:48  Marine  
  38  3:50  SCV  
  38  3:52  SCV  
  41  3:55  Medivac  
  44  4:02  SCV  
  44  4:05  Engineering Bay  
  44  4:07  SCV  
  44  4:09  Marine, Factory Tech Lab  
  46  4:15  SCV  
  47  4:20  Supply Depot  
  46  4:35  SCV, Marine  
  48  4:39  SCV  
  48  4:42  Barracks Tech Lab  
  47  4:45  Terran Infantry Weapons Level 1  
  47  4:47  SCV, Marine  
  47  4:49  Starport Reactor  
  48  4:52  Marine  
  48  4:57  SCV  
  48  4:58  Missile Turret, Marine  
  48  4:59  SCV  
  52  5:04  Stimpack  
  52  5:05  Combat Shield, Marine  
  52  5:07  Factory Reactor  
  53  5:09  SCV, Refinery  
  54  5:21  SCV x2, Marine x2  
  58  5:28  Medivac  
  60  5:29  Marauder, Marine  
  60  5:33  SCV  
  60  5:34  SCV  
  60  5:35  Supply Depot  
  65  5:39  Marauder  
  67  5:44  Medivac  
  67  5:45  SCV  
  67  5:48  SCV  
  70  5:50  Marine  
  70  5:52  Marine  
  72  5:57  Marauder  
  73  6:04  Supply Depot, SCV  
  73  6:05  SCV  
  73  6:06  Marine  
  75  6:11  Marine  
  75  6:16  SCV  
  75  6:18  Marauder, Medivac  
  77  6:24  Marine  
  78  6:26  SCV, Marauder, Widow Mine  
  78  6:28  Supply Depot  
  83  6:38  Medivac  
  83  6:39  SCV, Marauder, Widow Mine  
  90  6:40  Marine  
  90  6:42  SCV  
  86  6:48  Marauder, Widow Mine  
  86  6:50  Supply Depot x2  
  86  6:51  Marine  
  86  6:53  SCV  
  92  6:57  SCV  
  93  7:04  Command Center  
  93  7:06  Marine  
  93  7:08  SCV  
  94  7:14  Marine  
  94  7:15  SCV, Marauder  
Show
View Real Time Build Order
Export as new Build Order

llllllllllll Protoss - Winner!

Build Orders: 1 Gate Expand, Phoenix Opening, Colossus Rush 

Get SALT Encoding   

  12  0:00  Probe  
  13  0:13  Probe  
  14  0:17  Pylon  
  14  0:25  Probe (Chrono Boost)  
  16  0:36  Gateway  
  16  0:37  Probe (Chrono Boost)  
  16  0:42  Probe (Chrono Boost)  
  16  0:45  Assimilator  
  17  0:51  Probe  
  18  1:03  Probe  
  19  1:15  Probe  
  20  1:21  Nexus  
  20  1:31  Cybernetics Core  
  20  1:34  Probe  
  21  1:42  Assimilator  
  21  1:46  Probe  
  22  1:51  Pylon  
  22  1:58  Probe  
  23  2:07  Adept (Chrono Boost)  
  23  2:09  Warp Gate  
  23  2:10  Probe  
  26  2:22  Probe, Stargate  
  27  2:27  Adept (Chrono Boost)  
  29  2:36  Probe x2  
  31  2:41  Shield Battery  
  31  2:48  Probe x2  
  33  2:52  Adept (Chrono Boost)  
  35  3:08  Phoenix (Chrono Boost)  
  37  3:19  Probe x2  
  39  3:24  Adept  
  41  3:30  Phoenix (Chrono Boost)  
  41  3:31  Probe x2  
  45  3:41  Robotics Facility  
  45  3:43  Probe  
  45  3:48  Pylon  
  46  3:50  Assimilator  
  46  3:52  Assimilator  
  46  3:54  Pylon  
  46  4:06  Probe x2, Adept, Phoenix (Chrono Boost)  
  52  4:11  Pylon  
  52  4:18  Probe x2  
  54  4:27  Phoenix (Chrono Boost)  
  52  4:37  Probe x2  
  52  4:44  Robotics Bay, Adept, Immortal  
  58  4:51  Probe x2  
  60  5:04  Phoenix  
  60  5:06  Probe x2, Adept  
  66  5:11  Pylon  
  66  5:12  Pylon  
  66  5:25  Nexus  
  66  5:28  Pylon  
  66  5:32  Extended Thermal Lance  
  66  5:34  Colossus (Chrono Boost)  
  72  5:57  Probe x2  
  72  5:58  Phoenix  
  72  5:59  Adept  
  78  6:07  Pylon  
  78  6:11  Colossus (Chrono Boost)  
  78  6:17  Probe x2  
  81  6:27  Stalker  
  81  6:29  Probe x2  
  85  6:38  Probe  
  86  6:41  Probe x2  
  88  6:50  Probe  
  88  6:51  Colossus (Chrono Boost)  
  88  6:53  Probe  
  88  6:54  Stalker, Probe  
  99  6:59  Gateway x2  
  99  7:02  Probe, Gateway  
  90  7:28  Stalker  
  103  7:46  Assimilator  
  103  7:47  Assimilator  
Tags
 
Add a new tag
Caveats
  • Supply blocks, unpowered buildings, or Contaminate may cause inaccurate times.
  • Supply counts are checked every 10 seconds.